[Event "Titled Tuesday Blitz October 18 Late 2022"]
[White "Sernecki, Franciszek"]
[Black "Melikyan, Gnel"]
[WhiteFideId "1169297"]
[BlackFideId "54109990"]
[WhiteElo "2209"]
[BlackElo "2138"]
[Result "0-1"]
[Round "09"]
[TimeControl "180+1"]
[Date "2022.10.18"]
[WhiteClock "0:00:06"]
[BlackClock "0:00:38"]

1. c4 Nf6 2. Nc3 g6 3. e4 d6 4. g3 Bg7 5. Bg2 O-O 6. Nge2 c5 7. O-O Nc6 8. d3 Rb8 9. h3 a6 10. a4 Nb4 11. Be3 b6 12. d4 Bb7 13. f4 Nd7 14. Kh2 e6 15. d5 exd5 16. exd5 Re8 17. Qd2 Rxe3 18. Qxe3 Nc2 19. Qd3 Nxa1 20. Rxa1 Nf6 21. Rb1 a5 22. Re1 Qd7 23. Ng1 Ba6 24. b3 Re8 25. Rxe8+ Qxe8 26. Nf3 Nd7 27. Qe4 Qd8 28. Qe3 h6 29. Ne4 Qe7 30. Qd3 f5 31. Nc3 Nf6 32. Nd2 Qe1 33. Qe2 Qxe2 34. Nxe2 Kf7 35. Bf3 Bc8 36. Kg2 g5 37. Kf2 Kg6 38. Ke3 Bd7 39. Kd3 Bf8 40. Nf1 Ne4 41. Bxe4 fxe4+ 42. Kxe4 Bxh3 43. Ne3 h5 44. f5+ Kf6 45. Ng1 g4 46. Nxh3 gxh3 47. Nf1 Kg5 48. Nh2 Bg7 49. Kf3 Be5 50. Nf1 Kxf5 51. Ne3+ Kg5 52. Nf1 Bd4 53. Nh2 Bg1 54. Nf1 Kf5 55. Nd2 Ke5 56. Nf1 Kd4 57. g4 hxg4+ 58. Kg3 Kc3 0-1


[Site "https://www.chess.com"]

[Event "Titled Tuesday Blitz October 18 Late 2022"]
[White "Shapiro, Daniel"]
[Black "Marcolino, Daniel Mattos"]
[WhiteFideId "2001780"]
[BlackFideId "2106841"]
[WhiteElo "2208"]
[BlackElo "2061"]
[Result "1-0"]
[Round "09"]
[TimeControl "180+1"]
[Date "2022.10.19"]
[WhiteClock "0:01:31"]
[BlackClock "0:01:36"]

1. d4 Nf6 2. c4 e6 3. g3 d5 4. Nf3 dxc4 5. Bg2 a6 6. Ne5 Nbd7 7. Nxc4 Rb8 8. O-O b5 9. Na5 Nd5 10. Nc6 Qf6 11. e4 Nb4 12. Nxb8 Nxb8 13. a3 N4c6 14. d5 Ne5 15. Be3 h5 16. Bd4 Nbd7 17. f4 1-0


[Site "https://www.chess.com"]

[Event "Titled Tuesday Blitz October 18 Late 2022"]
[White "Tarnowska, Aleksandra"]
[Black "Joubert, Dantelle"]
[WhiteFideId "1180967"]
[BlackFideId "14310813"]
[WhiteElo "1776"]
[BlackElo "1507"]
[Result "1-0"]
[Round "09"]
[TimeControl "180+1"]
[Date "2022.10.19"]
[WhiteClock "0:00:26"]
[BlackClock "0:00:52"]

1. e4 e5 2. Nf3 Nc6 3. Bb5 Nf6 4. O-O Nxe4 5. Re1 Nd6 6. Bxc6 dxc6 7. Nxe5 Be7 8. d4 O-O 9. Nd2 Nf5 10. c3 Bd6 11. Nef3 Be6 12. Nf1 h6 13. Ng3 Qf6 14. Ne4 Qg6 15. Nxd6 cxd6 16. Bf4 Rad8 17. Qd3 Nh4 18. Qxg6 Nxf3+ 19. gxf3 fxg6 20. Bxh6 Bd5 21. Bg5 Rd7 22. Re3 Bxf3 23. Rae1 Bd5 24. b3 b5 25. Re7 Rxe7 26. Rxe7 Rf7 27. Re8+ Kh7 28. f4 Rd7 29. Rc8 Bf3 30. Kf2 Bd5 31. Ke3 Be4 32. Kxe4 a5 33. Rxc6 1-0


[Site "https://www.chess.com"]

[Event "Titled Tuesday Blitz October 18 Late 2022"]
[White "Thiel, Thomas"]
[Black "Kobla, Vishal"]
[WhiteFideId "4615964"]
[BlackFideId "2078457"]
[WhiteElo "2260"]
[BlackElo "1972"]
[Result "1-0"]
[Round "09"]
[TimeControl "180+1"]
[Date "2022.10.19"]
[WhiteClock "0:00:50"]
[BlackClock "0:00:06"]

1. e4 c5 2. Nc3 Nc6 3. Bb5 Nd4 4. Bc4 e6 5. Nge2 Nf6 6. O-O d5 7. exd5 exd5 8. Nxd5 Nxd5 9. Nxd4 cxd4 10. Qh5 Be6 11. Re1 Nf4 12. Qb5+ Qd7 13. Qg5 Ng6 14. Bb5 Be7 15. Bxd7+ Kxd7 16. Qb5+ Kc7 17. d3 Rhd8 18. g3 Rd5 19. Qa4 a5 20. Bd2 b5 21. Bxa5+ Kb7 22. Qb3 Rxa5 23. a3 Rf5 24. Rxe6 fxe6 25. Qxe6 b4 26. Qd7+ Kb8 27. Qe8+ Kc7 28. Re1 Bd6 29. axb4 Bxb4 30. Re6 Ra1+ 31. Kg2 Rc5 32. Qf7+ Kb8 33. Re8+ Rc8 34. Rxc8+ Kxc8 35. Qc4+ Kd7 36. Qxb4 Rc1 37. Qxd4+ Ke6 38. Qxg7 Rxc2 39. Qxh7 Ne5 40. Qg8+ Kd6 41. h4 Nxd3 42. Qd8+ Ke5 43. Qxd3 Rc5 44. Qe3+ 1-0


[Site "https://www.chess.com"]

[Event "Titled Tuesday Blitz October 18 Late 2022"]
[White "Torres Boch, Jose Francisco"]
[Black "Winterberg, Lukas"]
[WhiteFideId "2278383"]
[BlackFideId "24622702"]
[WhiteElo "2073"]
[BlackElo "2349"]
[Result "1-0"]
[Round "09"]
[TimeControl "180+1"]
[Date "2022.10.19"]
[WhiteClock "0:01:17"]
[BlackClock "0:00:10"]

1. e4 c6 2. d4 d5 3. Nd2 dxe4 4. Nxe4 Bf5 5. Ng3 Bg6 6. h4 h6 7. Nf3 Nd7 8. h5 Bh7 9. Bd3 Bxd3 10. Qxd3 e6 11. Bd2 Ngf6 12. O-O-O Be7 13. Kb1 Qb6 14. c4 Rd8 15. Bf4 O-O 16. Qc2 c5 17. d5 exd5 18. Nf5 Rfe8 19. cxd5 Bf8 20. g4 Nxg4 21. Rhg1 Ndf6 22. N3h4 Kh8 23. f3 Ne5 24. Qg2 Nxh5 25. Bxh6 g6 26. Bc1 Qf6 27. Ng3 Qxh4 28. Rh1 Qf6 29. Nxh5 Qxf3 30. Nf6+ Kg7 31. Rh7+ Kxf6 32. Qg5# 1-0


[Site "https://www.chess.com"]

[Event "Titled Tuesday Blitz October 18 Late 2022"]
[White "Turutin, Alexander"]
[Black "Mazurkiewicz, Michal"]
[WhiteFideId "4180623"]
[BlackFideId "1124943"]
[WhiteElo "2402"]
[BlackElo "2063"]
[Result "1-0"]
[Round "09"]
[TimeControl "180+1"]
[Date "2022.10.19"]
[WhiteClock "0:02:00"]
[BlackClock "0:01:05"]

1. e4 d6 2. d4 Nf6 3. Nc3 c6 4. f4 Qb6 5. h3 e5 6. fxe5 dxe5 7. dxe5 Nfd7 8. Nf3 Bb4 9. Bd2 O-O 10. Qe2 Re8 11. O-O-O Nxe5 12. Nxe5 Rxe5 13. Na4 Bxd2+ 14. Qxd2 Qb4 15. Qxb4 1-0


[Site "https://www.chess.com"]

[Event "Titled Tuesday Blitz October 18 Late 2022"]
[White "Ventura Bolet, Maxim"]
[Black "Al-Tarboush, Ward"]
[WhiteFideId "22238824"]
[BlackFideId "7601450"]
[WhiteElo "2186"]
[BlackElo "2269"]
[Result "0-1"]
[Round "09"]
[TimeControl "180+1"]
[Date "2022.10.19"]
[WhiteClock "0:00:09"]
[BlackClock "0:01:56"]

1. c4 c5 2. g3 Nc6 3. Bg2 g6 4. Nf3 Bg7 5. O-O Nh6 6. Nc3 Nf5 7. a3 a6 8. Rb1 Rb8 9. b4 cxb4 10. axb4 b5 11. cxb5 axb5 12. e3 O-O 13. d4 d5 14. Ne1 e6 15. Nd3 Nd6 16. Nc5 Nc4 17. Bd2 Qe7 18. Qc2 Bb7 19. Nxb5 Bc8 20. Nc3 Na3 21. Qa4 Nxb1 22. Rxb1 Bd7 23. b5 Ra8 24. Qc2 Na5 25. N3a4 Nc4 26. Qd3 Rfb8 27. Nxd7 Qxd7 28. Nc5 Qe8 29. e4 Rxb5 30. Rxb5 Qxb5 31. exd5 Ra1+ 32. Bf1 exd5 33. Bc3 Rc1 34. Qf3 Nd2 35. Nd3 Nxf3+ 36. Kg2 Rxc3 0-1


[Site "https://www.chess.com"]

[Event "Titled Tuesday Blitz October 18 Late 2022"]
[White "Vlassov, Nikolai"]
[Black "Luxama, Jacques Muller"]
[WhiteFideId "4103360"]
[BlackFideId "11900113"]
[WhiteElo "2324"]
[BlackElo "1931"]
[Result "1-0"]
[Round "09"]
[TimeControl "180+1"]
[Date "2022.10.19"]
[WhiteClock "0:00:08"]
[BlackClock "0:00:02"]

1. e4 e5 2. Bc4 Nf6 3. d3 c6 4. Nf3 Be7 5. O-O d6 6. Nc3 O-O 7. a4 Be6 8. Qe2 Nbd7 9. h3 h6 10. Nd2 Qc7 11. Re1 a6 12. a5 d5 13. exd5 cxd5 14. Bb3 Rfe8 15. Nf1 Bb4 16. Bd2 Bxc3 17. bxc3 e4 18. Ne3 Nc5 19. d4 Ncd7 20. c4 dxc4 21. Bxc4 Rac8 22. Bxe6 Rxe6 23. c4 Nf8 24. Rab1 Rc6 25. d5 Rd6 26. Nf5 Rd7 27. Ne3 Ng6 28. Rec1 Nf4 29. Qf1 Nd3 30. Rc3 Nc5 31. Rc2 Qe5 32. Bc3 Qg5 33. Bd4 Nh5 34. Rcb2 Nf4 35. Kh2 Nfd3 36. Rb6 Qf4+ 37. Kh1 Nxf2+ 38. Kg1 Nxh3+ 39. gxh3 Qg3+ 40. Qg2 Qxg2+ 41. Kxg2 Nd3 42. Rxb7 Rxb7 43. Rxb7 Re8 44. d6 Nf4+ 45. Kh2 Ne2 46. d7 Rd8 47. Bb6 Rxd7 48. Rxd7 1-0


[Site "https://www.chess.com"]

[Event "Titled Tuesday Blitz October 18 Late 2022"]
[White "Von Buelow, Georg"]
[Black "Harish, Neeraj"]
[WhiteFideId "4620658"]
[BlackFideId "30958130"]
[WhiteElo "2231"]
[BlackElo "1815"]
[Result "1-0"]
[Round "09"]
[TimeControl "180+1"]
[Date "2022.10.19"]
[WhiteClock "0:01:17"]
[BlackClock "0:00:30"]

1. e4 c5 2. Nf3 Nc6 3. d4 cxd4 4. Nxd4 Nf6 5. Nc3 e5 6. Ndb5 d6 7. Bg5 a6 8. Na3 b5 9. Bxf6 gxf6 10. Nd5 f5 11. c3 Bg7 12. exf5 Bxf5 13. Nc2 O-O 14. Nce3 Be6 15. Bd3 f5 16. Qh5 e4 17. Bc2 Ne7 18. Rd1 Nxd5 19. Nxd5 Kh8 20. g4 h6 21. Nf4 Qf6 22. Rxd6 Rfe8 23. Bb3 Bf7 24. Bxf7 Qxd6 25. Ng6+ Kh7 26. Qxf5 1-0


[Site "https://www.chess.com"]

[Event "Titled Tuesday Blitz October 18 Late 2022"]
[White "Vujic, Mihailo"]
[Black "Fernandez De La Vara, Arnaldo"]
[WhiteFideId "918873"]
[BlackFideId "3518388"]
[WhiteElo "2256"]
[BlackElo "2387"]
[Result "0-1"]
[Round "09"]
[TimeControl "180+1"]
[Date "2022.10.19"]
[WhiteClock "0:00:53"]
[BlackClock "0:01:13"]

1. e4 c5 2. c3 d5 3. exd5 Qxd5 4. d4 Nc6 5. Nf3 Nf6 6. Nbd2 cxd4 7. Bc4 Qd8 8. Qb3 e6 9. cxd4 Be7 10. O-O O-O 11. Qe3 Nd5 12. Qe4 Nf6 13. Qh4 b6 14. Bd3 Nb4 15. Bb1 Ba6 16. Re1 Bd3 17. a3 Bxb1 18. Rxb1 Nd3 19. Re3 Nxc1 20. Rxc1 Nd5 21. Qh5 Nxe3 22. fxe3 Rc8 23. Rf1 Rc2 24. Ne4 Qd5 25. Nfg5 Bxg5 26. Nxg5 Qxg2# 0-1


[Site "https://www.chess.com"]

[Event "Titled Tuesday Blitz October 18 Late 2022"]
[White "Wiegmann, Sascha"]
[Black "Ozen, Batuhan"]
[WhiteFideId "4682041"]
[BlackFideId "6345123"]
[WhiteElo "2293"]
[BlackElo "2403"]
[Result "1-0"]
[Round "09"]
[TimeControl "180+1"]
[Date "2022.10.19"]
[WhiteClock "0:00:10"]
[BlackClock "0:01:04"]

1. Nf3 d5 2. g3 Nc6 3. d4 Bg4 4. Nbd2 f6 5. Bg2 e5 6. O-O Qd7 7. dxe5 fxe5 8. e4 d4 9. h3 Bxh3 10. Nxe5 Nxe5 11. Qh5+ Nf7 12. Bxh3 Qc6 13. Qe2 Be7 14. Nb3 Rd8 15. e5 Ngh6 16. e6 Ng5 17. Bxg5 Bxg5 18. Qh5+ g6 19. Qxg5 Ng8 20. e7 Rd5 21. Qf4 Nxe7 22. Rfe1 Kd8 23. Nxd4 Qd6 24. Ne6+ Ke8 25. Nxc7+ Kd8 26. Nxd5 Qxf4 27. Nxf4 Kc7 28. Rxe7+ 1-0


[Site "https://www.chess.com"]

[Event "Titled Tuesday Blitz October 18 Late 2022"]
[White "Winkels, Marcel"]
[Black "Jimenez Fernandez, Rebeca"]
[WhiteFideId "1003887"]
[BlackFideId "32070934"]
[WhiteElo "1900"]
[BlackElo "1946"]
[Result "1-0"]
[Round "09"]
[TimeControl "180+1"]
[Date "2022.10.19"]
[WhiteClock "0:00:53"]
[BlackClock "0:00:08"]

1. d4 Nf6 2. Nc3 g6 3. Bf4 Bg7 4. e3 O-O 5. h3 d6 6. Nf3 a6 7. a4 b6 8. Bc4 Bb7 9. O-O Nbd7 10. Re1 c5 11. d5 Rb8 12. e4 Nh5 13. Bg5 Ne5 14. Be2 Nxf3+ 15. Bxf3 Nf6 16. Be2 Nd7 17. f4 Bd4+ 18. Kh1 Nf6 19. Bf3 Bc8 20. e5 dxe5 21. fxe5 Nd7 22. d6 Re8 23. Nd5 Nxe5 24. Nxe7+ Kg7 25. Qd2 Qxd6 26. Bh6+ Kh8 27. Nc6 Bb7 28. Nxe5 Bxe5 29. Qxd6 Bxd6 30. Rxe8+ Rxe8 31. Bxb7 Bf8 32. Bxf8 Rxf8 33. Bxa6 Rd8 34. Bd3 Kg7 35. Re1 Rd4 36. b3 Rd6 37. Re7 Kf6 38. Rb7 h5 39. Rc7 Re6 40. Kg1 Re1+ 41. Kf2 Re5 42. Rc6+ Kg5 43. Rxb6 f5 44. a5 Re7 45. a6 f4 46. Rb7 1-0


[Site "https://www.chess.com"]

[Event "Titled Tuesday Blitz October 18 Late 2022"]
[White "Yano, William Jorge Froes"]
[Black "Domingo Nunez, Ruben"]
[WhiteFideId "2112949"]
[BlackFideId "22245570"]
[WhiteElo "2122"]
[BlackElo "2406"]
[Result "0-1"]
[Round "09"]
[TimeControl "180+1"]
[Date "2022.10.19"]
[WhiteClock "0:00:07"]
[BlackClock "0:00:14"]

1. e4 Nc6 2. Nc3 d6 3. f4 e5 4. Nf3 g6 5. Bc4 Bg7 6. O-O exf4 7. d3 g5 8. h4 h6 9. Nh2 Nf6 10. Nd5 Be6 11. Bd2 Ne5 12. Bb3 Nfg4 13. Nxg4 Nxg4 14. Nxc7+ Qxc7 15. Bxe6 Qb6+ 16. Kh1 Nf2+ 17. Rxf2 Qxf2 18. Be1 Qf1+ 19. Kh2 Be5 20. Bh3 f3+ 21. Bg3 Bxg3+ 22. Kxg3 Qxd1 23. Rxd1 fxg2 24. Kxg2 Rg8 25. h5 g4 26. Rg1 gxh3+ 0-1


[Site "https://www.chess.com"]

[Event "Titled Tuesday Blitz October 18 Late 2022"]
[White "Yurtseven, Melih"]
[Black "Rose, Felix"]
[WhiteFideId "6312160"]
[BlackFideId "5105722"]
[WhiteElo "2218"]
[BlackElo "2039"]
[Result "1-0"]
[Round "09"]
[TimeControl "180+1"]
[Date "2022.10.19"]
[WhiteClock "0:00:45"]
[BlackClock "0:00:11"]

1. b3 e5 2. Bb2 Nc6 3. e3 Nf6 4. Bb5 Bd6 5. Ne2 a6 6. Bxc6 dxc6 7. d3 Bg4 8. e4 Qd7 9. h3 Bh5 10. g4 Bg6 11. Nd2 O-O-O 12. f4 exf4 13. e5 Nxg4 14. hxg4 Qxg4 15. exd6 f3 16. Nxf3 Qxf3 17. Rf1 Qh5 18. dxc7 Rde8 19. Qd2 Qh4+ 20. Rf2 Qh1+ 21. Rf1 Qh4+ 22. Kd1 Bh5 23. Kc1 Rxe2 24. Qa5 Rhe8 25. Bc3 Qh2 26. Kb2 Rxc2+ 27. Ka3 b6 28. Qxa6+ Kxc7 29. Qa7+ Kd6 30. Bb4+ c5 31. Qxb6+ Kd5 32. Qb7+ Kd4 33. Qd7+ Qd6 34. Qxd6+ 1-0


[Site "https://www.chess.com"]

[Event "Titled Tuesday Blitz October 18 Late 2022"]
[White "Zhigalko, Sergei"]
[Black "Thomforde-Toates, Noah"]
[WhiteFideId "13502956"]
[BlackFideId "30951992"]
[WhiteElo "2662"]
[BlackElo "2686"]
[Result "1-0"]
[Round "09"]
[TimeControl "180+1"]
[Date "2022.10.18"]
[WhiteClock "0:00:09"]
[BlackClock "0:00:23"]

1. e4 c5 2. c3 d5 3. exd5 Qxd5 4. d4 Nc6 5. Nf3 Bg4 6. dxc5 Qxc5 7. Na3 Nf6 8. Nb5 Rc8 9. Be3 Qh5 10. Nxa7 Rd8 11. Qa4 Bxf3 12. gxf3 Qxf3 13. Rg1 Qe4 14. Bb5 Qxa4 15. Bxa4 Kd7 16. Bb6 Rb8 17. O-O-O+ Ke6 18. Nb5 Ne8 19. Rd3 g6 20. Bb3+ Kf5 21. Rf3+ Ke4 22. Re3+ Kf4 23. Bxf7 Nd6 24. Nxd6 exd6 25. Be6 h5 26. Rxg6 Rh6 27. Rgg3 Rf6 28. h4 Rxe6 29. Rxe6 Ne5 30. Be3+ Kf5 31. Rxe5+ dxe5 32. Rg5+ Ke4 33. Rxh5 Bd6 34. Kc2 Rg8 35. Rh7 Rg2 36. Rxb7 Kf3 37. Kb3 e4 38. Rb6 Be5 39. Rb5 Bb8 40. h5 Rh2 41. h6 Bc7 42. Rd5 Ke2 43. Rf5 Bd6 44. Rf7 Rh5 45. h7 Rb5+ 46. Kc4 Rh5 47. Bd4 Rxh7 48. Rxh7 Bf4 49. Rf7 Kf3 50. Be3 Ke2 51. Bxf4 Kd1 52. Be5 Kc2 53. Kd4 Kb1 54. Kxe4 Kxa2 55. f4 Kxb2 56. Kf5 Kb3 57. Kg4 Kc4 58. Rf6 Kd5 59. Rd6+ Kc4 60. f5 Kc5 61. c4 Kxc4 62. f6 Kb3 63. f7 Kc2 64. f8=Q Kb3 65. Qc8 Kb4 66. Rb6+ Ka5 67. Qa6# 1-0


[Site "https://www.chess.com"]

[Event "Titled Tuesday Blitz October 18 Late 2022"]
[White "miragha_yev"]
[Black "Castellanos Gomez, Alejandro"]
[BlackFideId "22284141"]
[WhiteElo "2767"]
[BlackElo "2168"]
[Result "1-0"]
[Round "09"]
[TimeControl "180+1"]
[Date "2022.10.18"]
[WhiteClock "0:00:45"]
[BlackClock "0:00:01"]

1. d4 e6 2. e4 d5 3. Nc3 Nf6 4. Bd3 c5 5. exd5 exd5 6. Nf3 c4 7. Be2 Nc6 8. O-O Be7 9. h3 O-O 10. Bf4 Bf5 11. Ne5 Rc8 12. Bf3 a6 13. Re1 b5 14. Ne2 Be4 15. Nxc6 Rxc6 16. Ng3 Bxf3 17. Qxf3 Re8 18. Nf5 Bf8 19. Rxe8 Qxe8 20. Be5 Ne4 21. Ng3 Nxg3 22. Bxg3 Qd7 23. Re1 Re6 24. Kf1 g6 25. Be5 Bg7 26. Bxg7 Kxg7 27. Qf4 Rxe1+ 28. Kxe1 Qe6+ 29. Qe5+ Qxe5+ 30. dxe5 g5 31. Ke2 f6 32. exf6+ Kxf6 33. Ke3 Ke5 34. c3 a5 35. g3 b4 36. f4+ gxf4+ 37. gxf4+ Kf5 38. Kd4 bxc3 39. bxc3 Kxf4 40. Kxd5 Kg3 41. Kxc4 Kxh3 42. Kb5 Kg3 43. c4 h5 44. c5 h4 45. c6 h3 46. c7 h2 47. c8=Q h1=Q 48. Qc3+ Kg4 49. Qc4+ Kf5 50. Kxa5 Qa8+ 51. Kb4 Kf6 52. a4 Qb7+ 53. Qb5 Qe4+ 54. Ka5 Qe1+ 55. Ka6 Ke7 56. a5 Kd8 57. Qb8+ Kd7 58. Qb7+ Kd6 59. Qb6+ Kd7 60. Ka7 Kc8 61. Qb8+ Kd7 62. Qb7+ Kd8 63. a6 Ke8 64. Kb8 Qe5+ 65. Qc7 Qb5+ 66. Ka7 Kf8 67. Qb8+ 1-0


[Site "https://www.chess.com"]

[Event "Titled Tuesday Blitz October 18 Late 2022"]
[White "Alexikov, Alexander"]
[Black "Vujic, Mihailo"]
[WhiteFideId "14103958"]
[BlackFideId "918873"]
[WhiteElo "2222"]
[BlackElo "2256"]
[Result "0-1"]
[Round "10"]
[TimeControl "180+1"]
[Date "2022.10.19"]
[WhiteClock "0:00:05"]
[BlackClock "0:00:22"]

1. e4 e5 2. Nf3 Nc6 3. c3 d5 4. Qa4 Bd7 5. exd5 Nd4 6. Qd1 Nxf3+ 7. Qxf3 Nf6 8. Bc4 e4 9. Qe2 Bd6 10. d3 O-O 11. Bg5 exd3 12. Qxd3 Re8+ 13. Kf1 h6 14. Bh4 Qe7 15. Nd2 Qe5 16. Bg3 Qh5 17. Bxd6 cxd6 18. f3 Bf5 19. Qd4 Nd7 20. h4 Bh7 21. Kf2 Nc5 22. Rae1 Rxe1 23. Rxe1 b5 24. Bf1 Qf5 25. b4 Nd7 26. Bxb5 Nf6 0-1


[Site "https://www.chess.com"]

[Event "Titled Tuesday Blitz October 18 Late 2022"]
[White "Arkell, Keith C"]
[Black "Reprintsev, Alexander"]
[WhiteFideId "400270"]
[BlackFideId "14100541"]
[WhiteElo "2336"]
[BlackElo "2230"]
[Result "1/2-1/2"]
[Round "10"]
[TimeControl "180+1"]
[Date "2022.10.19"]
[WhiteClock "0:00:49"]
[BlackClock "0:00:12"]

1. d4 d5 2. Nf3 Nc6 3. c4 e5 4. cxd5 Qxd5 5. Nc3 Bb4 6. Bd2 Bxc3 7. Bxc3 e4 8. Ne5 Nxe5 9. dxe5 Ne7 10. e3 Qc6 11. Qb3 Be6 12. Bb5 Bxb3 13. Bxc6+ Nxc6 14. axb3 O-O-O 15. f4 exf3 16. gxf3 Rhe8 17. f4 f6 18. exf6 gxf6 19. Ke2 Re6 20. Rad1 Rde8 21. Rd3 Ne7 22. Kf3 Nf5 23. Re1 Nd6 24. Rd5 Ne4 25. Bd4 b6 26. b4 R8e7 27. b5 Kb7 28. b4 c6 29. bxc6+ Kxc6 30. Rh5 Nd2+ 31. Ke2 Nb3 32. Kd3 Nxd4 33. Kxd4 Re4+ 34. Kd3 Rxb4 35. Rh6 Rf7 36. e4 Kb5 37. f5 Rd7+ 38. Ke3 Rxe4+ 39. Kxe4 Re7+ 40. Kd5 Rxe1 41. Rxf6 a5 42. Re6 Rf1 43. Re5 a4 44. Ke6+ Kb4 45. f6 a3 46. Rf5 Rxf5 47. Kxf5 a2 48. f7 a1=Q 49. f8=Q+ Kb3 50. Qf7+ Kc2 51. Qxh7 b5 52. h4 b4 53. h5 b3 54. Kf4+ Kc1 55. Qc7+ Kb1 56. Qh7+ Kc1 57. Qc7+ Kd2 58. Qd6+ Kc2 59. Qg6+ Kd2 60. Qg2+ Kd3 61. Qe4+ Kd2 62. Qd5+ Kc2 63. Qe4+ Kd2 64. Qe3+ Kc2 65. Qe2+ Kc1 66. Qc4+ Kb2 67. h6 Qc1+ 68. Qxc1+ Kxc1 69. h7 b2 70. h8=Q b1=Q 71. Qc3+ Qc2 72. Qxc2+ Kxc2 1/2-1/2


[Site "https://www.chess.com"]

[Event "Titled Tuesday Blitz October 18 Late 2022"]
[White "Arnold, Ken"]
[Black "P., Komal Kishore"]
[WhiteFideId "2056836"]
[BlackFideId "5016703"]
[WhiteElo "2314"]
[BlackElo "2106"]
[Result "1-0"]
[Round "10"]
[TimeControl "180+1"]
[Date "2022.10.19"]
[WhiteClock "0:00:37"]
[BlackClock "0:00:01"]

1. d4 d5 2. c4 c6 3. Nf3 Nf6 4. Nc3 dxc4 5. a4 Bf5 6. e3 e6 7. Bxc4 Bb4 8. O-O O-O 9. a5 Bxa5 10. Bd2 Nbd7 11. Qb3 Bxc3 12. bxc3 b5 13. Be2 a5 14. Nh4 a4 15. Qb2 Be4 16. c4 bxc4 17. Bxc4 Nd5 18. g3 N7b6 19. Be2 Qf6 20. f3 Bg6 21. Nxg6 fxg6 22. e4 a3 23. Qc1 Qxd4+ 24. Kh1 Ne7 25. Be3 Qb2 26. Bxb6 Qxb6 27. Rxa3 Rxa3 28. Qxa3 Rf7 29. Rd1 h6 30. f4 Kh7 31. Bg4 Qf2 32. Bxe6 Qe2 33. Qd3 Qxd3 34. Rxd3 Rf6 35. Bc4 c5 36. Rd7 Nc6 37. Rc7 Rd6 38. e5 Rd1+ 39. Kg2 Nd4 40. Rxc5 Rd2+ 41. Kf1 Rxh2 42. Rc8 h5 43. e6 Rh1+ 44. Kf2 Rh2+ 45. Ke3 Nf5+ 46. Kf3 Rc2 47. e7 Rc3+ 48. Kf2 Rc2+ 49. Ke1 Rc3 50. e8=Q Re3+ 51. Qxe3 Nxe3 52. Bd3 h4 53. gxh4 1-0


[Site "https://www.chess.com"]

[Event "Titled Tuesday Blitz October 18 Late 2022"]
[White "Ballester Llagaria, Luis Eduardo"]
[Black "Baskakov, Egor"]
[WhiteFideId "2297620"]
[BlackFideId "24197866"]
[WhiteElo "2344"]
[BlackElo "2211"]
[Result "0-1"]
[Round "10"]
[TimeControl "180+1"]
[Date "2022.10.18"]
[WhiteClock "0:00:29"]
[BlackClock "0:01:43"]

1. e4 c5 2. Nc3 Nc6 3. Bb5 g6 4. Bxc6 dxc6 5. f4 Bg7 6. Nf3 Bg4 7. O-O e5 8. h3 Bxf3 9. Qxf3 exf4 10. Qxf4 Qd7 11. d3 Nf6 12. Be3 b6 13. Qh4 Qe6 14. Bh6 O-O 15. Bxg7 Kxg7 16. Rf2 Nd7 17. Raf1 f6 18. a3 Rf7 19. Ne2 Raf8 20. Nf4 Qd6 21. Qg4 Ne5 22. Qe6 Qc7 23. c3 Re7 24. d4 cxd4 25. cxd4 Nd3 26. Qc4 Nxf2 27. Rxf2 Qd7 28. d5 cxd5 29. exd5 Rc8 30. Ne6+ Qxe6 31. dxe6 Rxc4 0-1


[Site "https://www.chess.com"]

[Event "Titled Tuesday Blitz October 18 Late 2022"]
[White "Banzea, Alexandru-Bogdan"]
[Black "Luxama, Jacques Muller"]
[WhiteFideId "1232622"]
[BlackFideId "11900113"]
[WhiteElo "2294"]
[BlackElo "1931"]
[Result "1/2-1/2"]
[Round "10"]
[TimeControl "180+1"]
[Date "2022.10.19"]
[WhiteClock "0:01:06"]
[BlackClock "0:01:54"]

1. d4 Nf6 2. Bf4 d5 3. Nf3 Bf5 4. e3 e6 5. Bd3 Bg6 6. Ne5 Bxd3 7. cxd3 Nbd7 8. Nc3 Bd6 9. O-O O-O 10. Rc1 a6 11. Qf3 Qe7 12. a3 c5 13. Nxd7 Qxd7 14. Bxd6 Qxd6 15. dxc5 Qxc5 16. d4 Qb6 17. b4 a5 18. Na4 Qb5 19. Nc3 Qb6 20. Na4 Qb5 21. Nc3 Qb6 1/2-1/2


[Site "https://www.chess.com"]

[Event "Titled Tuesday Blitz October 18 Late 2022"]
[White "Barria Zuniga, Daniel"]
[Black "Hambleton, Aman"]
[WhiteFideId "3400816"]
[BlackFideId "2606577"]
[WhiteElo "2414"]
[BlackElo "2538"]
[Result "0-1"]
[Round "10"]
[TimeControl "180+1"]
[Date "2022.10.18"]
[WhiteClock "0:00:07"]
[BlackClock "0:00:03"]

1. c4 c5 2. g3 e6 3. Bg2 Nf6 4. Nf3 Qc7 5. O-O b6 6. d4 Bb7 7. Bf4 d6 8. Nc3 a6 9. d5 e5 10. Bd2 Nbd7 11. Ne1 g6 12. Nd3 Bg7 13. e4 O-O 14. f4 exf4 15. gxf4 Rae8 16. a4 Bc8 17. Qf3 Nh5 18. Rae1 f5 19. exf5 Rxe1 20. Rxe1 Rxf5 21. Bh3 Rf8 22. Be6+ Kh8 23. Ne4 Ne5 24. Nxe5 Bxe5 25. Bxc8 Qxc8 26. Bc3 Bxc3 27. Qxc3+ Kg8 28. Nxd6 Qg4+ 29. Kh1 Nxf4 30. Qg3 Qd7 31. Ne4 Qf5 32. Nd6 Qd7 33. Ne4 Qf5 34. Nd6 Qf6 35. Ne4 Qxb2 36. d6 Qd4 37. a5 Nd3 38. Rd1 Qxe4+ 39. Kg1 Ne5 40. d7 Nf3+ 41. Qxf3 Qxf3 42. d8=Q Rxd8 43. Rxd8+ Kg7 44. Rd3 Qxd3 0-1


[Site "https://www.chess.com"]

[Event "Titled Tuesday Blitz October 18 Late 2022"]
[White "Bilan, Danila"]
[Black "Machidon, Cristi"]
[WhiteFideId "24161918"]
[BlackFideId "13904590"]
[WhiteElo "2203"]
[BlackElo "2312"]
[Result "1-0"]
[Round "10"]
[TimeControl "180+1"]
[Date "2022.10.18"]
[WhiteClock "0:00:09"]
[BlackClock "0:00:15"]

1. d4 f5 2. Nf3 Nf6 3. g3 g6 4. Bg2 Bg7 5. O-O O-O 6. c4 d6 7. Nc3 c6 8. Qc2 Qe8 9. e4 e5 10. dxe5 dxe5 11. Re1 f4 12. b3 h6 13. Ba3 Rf7 14. Bd6 Nbd7 15. Rad1 g5 16. c5 Bf8 17. Bf1 Bxd6 18. cxd6 Kg7 19. Bc4 Rf8 20. b4 Qh5 21. Be2 Qg6 22. b5 Ne8 23. bxc6 bxc6 24. Na4 Bb7 25. Nc5 Nxc5 26. Qxc5 Nf6 27. Nxe5 Qe8 28. d7 Qe6 29. Bc4 Qh3 30. Qe7+ Kh8 31. Ng6# 1-0


[Site "https://www.chess.com"]

[Event "Titled Tuesday Blitz October 18 Late 2022"]
[White "Bluebaum, Matthias"]
[Black "Bortnyk, Olexandr"]
[WhiteFideId "24651516"]
[BlackFideId "14120828"]
[WhiteElo "2633"]
[BlackElo "2723"]
[Result "1-0"]
[Round "10"]
[TimeControl "180+1"]
[Date "2022.10.18"]
[WhiteClock "0:00:20"]
[BlackClock "0:00:01"]

1. d4 e6 2. c4 b6 3. a3 Bb7 4. Nc3 f5 5. Bf4 Nf6 6. e3 Bd6 7. Bxd6 cxd6 8. d5 O-O 9. Nf3 Na6 10. Nd4 Nc7 11. Be2 g6 12. O-O exd5 13. cxd5 Ncxd5 14. Qb3 Kg7 15. Bf3 Nxc3 16. Bxb7 Rb8 17. Qxc3 Rxb7 18. Nb5 d5 19. Rac1 Qe7 20. Rfd1 Kh6 21. Nc7 Rc8 22. Qd4 Rbb8 23. h3 Qd6 24. Nb5 Qe6 25. Nxa7 Rxc1 26. Rxc1 Ne4 27. f3 Nd6 28. Rd1 Re8 29. Qxd5 Qxe3+ 30. Kh1 Nb7 31. Qxb7 Qf2 32. Qc7 Re2 33. Qf4+ g5 34. Rd6+ Kh5 35. g4+ fxg4 36. Qxg4# 1-0


[Site "https://www.chess.com"]